 Dungeon Crawl Stone Soup version 0.14.0-17-gc0b17a5 (webtiles) character file.

207 Kae the Chiller (level 4, -1/30 HPs)
             Began as a Demonspawn Ice Elementalist on Apr 18, 2014.
             Killed from afar by Kae's ghost (14 damage)
             ... with a puff of flame
             ... on Level 3 of the Dungeon.
             The game lasted 00:03:29 (2537 turns).

Kae the Chiller (Demonspawn Ice Elementalist)       Turns: 2537, Time: 00:03:30

HP  -1/30        AC  2     Str  8      XL: 4   Next: 47%
MP   8/9         EV 12     Int 17      God:
Gold 107         SH  0     Dex 14      Spells:  3 memorised,  2 levels left

rFire  . . .     SeeInvis .     (no weapon)
rCold  . . .     Clarity  .     a - +0 robe
rNeg   . . .     Conserve .     (no shield)
rPois  .         rCorr    .     (no helmet)
rElec  .         rRot     .     (no cloak)
SustAb . .       Spirit   .     (no gloves)
rMut   .         Warding  .     (no boots)
Saprov + . .     Stasis   .     (no amulet)
MR     .....                    (no ring)
                                (no ring)

@: not resistant to hostile enchantments, fairly stealthy
A: talons 1, saprovore 1
a: no special abilities


You were on level 3 of the Dungeon.
You were not hungry.

You visited 1 branch of the dungeon, and saw 3 of its levels.

You collected 107 gold pieces.

Inventory:

Missiles
 e - 3 tomahawks (quivered)
Armour
 a - a +0 robe (worn)
Comestibles
 c - a bread ration
 i - a pear
 l - a rambutan
Scrolls
 d - 3 scrolls of remove curse {unknown}
 h - 3 scrolls of identify {unknown}
 n - a scroll of noise {unknown}
Potions
 f - 4 potions of curing {unknown}
 g - 2 potions of haste {unknown}
 j - a potion of restore abilities {unknown}
 k - a potion of might {unknown}
 m - a potion of heal wounds {unknown}
 o - a potion of agility {unknown}
 p - a potion of poison {unknown}
Books
 b - a book of Frost

   Spells                             Type                      Level
   *Freeze                            Ice                          1
   *Throw Frost                       Conjuration/Ice              2
   Ozocubu's Armour                   Charms/Ice                   3
   *Throw Icicle                      Conjuration/Ice              4
   Summon Ice Beast                   Ice/Summoning                4
   Condensation Shield                Ice                          4


   Skills:
 - Level 1.7 Dodging
 - Level 1.7 Stealth
 + Level 3.0 Spellcasting
 * Level 1.0 Conjurations
 * Level 4.2 Ice Magic


You had 2 spell levels left.
You knew the following spells:

 Your Spells              Type           Power        Failure   Level  Hunger
a - Freeze                Ice            ###.         3%          1    None
b - Throw Frost           Conj/Ice       ##....       12%         2    ##.....
c - Throw Icicle          Conj/Ice       ##......     71%         4    ####...


Dungeon Overview and Level Annotations

Branches:
Dungeon (3/15)

Altars:

Annotations:
D:3 Kae's ghost, experienced TeFE


Innate Abilities, Weirdness & Mutations

You have sharp toenails.
You can tolerate rotten meat.


Message History

You see here a rat corpse.
Kae's ghost (experienced Tengu Fire Elementalist) comes into view.
Kae's ghost turns its malevolent gaze towards you.
Kae's ghost gestures at you while chanting.
The puff of flame hits you!
Ouch! That really hurt!
You spend a moment contemplating the meaning of life.
Kae's ghost is nearby!
You spend a moment contemplating the meaning of life.
Kae's ghost is nearby!
You spend a moment contemplating the meaning of life.
Kae's ghost is nearby!
You spend a moment contemplating the meaning of life.
Kae's ghost is nearby!
Drink which item? (? for menu, Esc to quit)
Okay, then.
There is a stone staircase leading down here.
Kae's ghost casts a spell at you. The puff of flame hits you!
You die...

###'#### #.#..............
###.# #.#.##.###.......
#...#### #.#.##.# #.......
##.....###.#.%..# #.......
#.....##....#### #.......
#......+.<..# #.......
#.....##....# #)#.....
#)....##....######'######
##########.#.###@(......)...#
.............p..............#
..##########......#.........#
..# ##...............# ###
#..............(#
#...............#
#######.........# #...(.....#
#(........##


You could see Kae's ghost.

Vanquished Creatures
  2 adders
  A giant mite (D:2)
  3 worms
  3 orcs (D:3)
  4 bats
  9 giant cockroaches
  6 goblins
  3 hobgoblins
  6 kobolds
  A quokka (D:2)
  A ball python (D:2)
  2 giant geckos
  4 giant newts
  5 rats
50 creatures vanquished.

Notes
Turn   | Place    | Note
--------------------------------------------------------------
     0 | D:1      | Kae, the Demonspawn Ice Elementalist, began the quest for the Orb.
     0 | D:1      | Reached XP level 1. HP: 13/13 MP: 3/3
   144 | D:1      | Reached skill level 3 in Ice Magic
   356 | D:1      | Gained mutation: You can tolerate rotten meat. [demonic ancestry]
   356 | D:1      | Reached XP level 2. HP: 13/19 MP: 1/4
  1092 | D:2      | Reached XP level 3. HP: 12/24 MP: 1/6
  2027 | D:3      | Gained mutation: You have sharp toenails. [demonic ancestry]
  2027 | D:3      | Reached XP level 4. HP: 13/30 MP: 0/9
  2272 | D:3      | Reached skill level 4 in Ice Magic
  2493 | D:3      | Learned a level 2 spell: Throw Frost
  2498 | D:3      | Learned a level 4 spell: Throw Icicle
  2530 | D:3      | Noticed Kae's ghost (experienced TeFE)
  2537 | D:3      | Killed from afar by Kae's ghost

Action                   |  1- 3 |  4- 6 || total
-------------------------+-------+-------++-------
Melee: Unarmed           |    27 |     8 ||    35
 Cast: Freeze            |    74 |    29 ||   103
 Stab: Sleeping          |     1 |       ||     1
